 Dungeon Crawl Stone Soup version 0.24-a0-278-gefa197325e (webtiles) character file.

Game seed: 11493451577080619948

21 Redear the Shield-Bearer (level 2, -3/23 HPs)
             Began as a Vampire Fighter on Apr 29, 2019.
             Slain by a water moccasin (6 damage)
             ... on level 2 of the Dungeon.
             The game lasted 00:02:34 (1254 turns).

Redear the Shield-Bearer (Vampire Fighter)          Turns: 1254, Time: 00:02:35

Health: -3/23      AC:  6    Str: 15    XL:     2   Next: 65%
Magic:  2/2        EV:  9    Int: 10    God:
Gold:   51         SH:  0    Dex: 13    Spells: 1/1 levels left

rFire    . . .     SeeInvis +   a - +0 long sword
rCold    . . .     Gourm    .   (no shield)
rNeg     + . .     Faith    .   b - +0 scale mail
rPois    .         Spirit   .   (no helmet)
rElec    .         Reflect  .   (no cloak)
rCorr    .         Harm     .   (no gloves)
MR       .....                  (no boots)
Stlth    ..........             (no amulet)
HPRegen  0.07/turn              (no ring)
MPRegen  0.08/turn              (no ring)

@: lethally poisoned (-3 -> -21)
A: fangs 3, see invisible, unbreathing
a: no special abilities


You were on level 2 of the Dungeon.
You were not thirsty.

You visited 1 branch of the dungeon, and saw 2 of its levels.

You collected 51 gold pieces.

Inventory:

Hand Weapons
 a - a +0 long sword (weapon)
Armour
 b - a +0 scale mail (worn)
 c - a +0 shield
Jewellery
 e - an uncursed ring of protection from magic {unknown}
Scrolls
 f - 2 scrolls of identify {unknown}
 g - 3 scrolls of remove curse {unknown}
 i - 3 scrolls of teleportation {unknown}
Potions
 d - 2 potions of might {Str+5 DMG+1d10 | @q3}
 h - a potion of brilliance {Archmagi Int+5 Wiz++}
 k - a potion of flight {unknown}
 z - 2 potions of blood {@q9}


   Skills:
 + Level 2.9 Fighting
 + Level 2.3 Long Blades
 + Level 2.6 Armour
 + Level 3.0 Shields


You had one spell level left.
You didn't know any spells.
Your spell library was empty.

Dungeon Overview and Level Annotations

Branches:
Dungeon (2/15)

Altars:
Nemelex Xobeh


Innate Abilities, Weirdness & Mutations

You have razor-sharp teeth.
You have supernaturally acute eyesight. (SInv)
You can survive without breathing.


Message History

Unknown command.
Unknown command.
Okay, then.
Press: ? - help, v - describe, . - travel
Here: a water moccasin The floor.
Unknown command.
It was a potion of brilliance.
You feel clever all of a sudden.
* * * LOW HITPOINT WARNING * * *
You feel sick.
The water moccasin bites you but does no damage.
You take 2 damage, and have 4/23 hp.
It was a potion of cancellation.
Your magical effects are unravelling.
You feel magically purged.
You feel a little less clever now.
* * * LOW HITPOINT WARNING * * *
You feel sick. The water moccasin bites you.
You die...

.## #.#.#÷.#
..######.#.#..#
.........#.#†(#
..########.#..#
.## ##.#..# #
##
#..†(.####...#
#............
#.###.####.#
#.# #...@S# #.#
######.# #.# ..
#.# .# #.# # #.


You could see a water moccasin.

Vanquished Creatures
  A worm (D:2)
  A dart slug (D:2)
  A giant cockroach (D:2)
  A goblin (D:1)
  2 hobgoblins (D:2)
  3 kobolds (D:2)
  A bat (D:1)
  3 frilled lizards
  5 rats
18 creatures vanquished.

Notes
Turn   | Place    | Note
-------+----------+-------------------------------------------
     0 | D:1      | Redear the Vampire Fighter began the quest for the Orb.
     0 | D:1      | Reached XP level 1. HP: 17/17 MP: 1/1
   804 | D:1      | Found a sparkling altar of Nemelex Xobeh.
   964 | D:2      | Reached XP level 2. HP: 23/23 MP: 2/2
  1119 | D:2      | Reached skill level 3 in Shields
  1249 | D:2      | Noticed a water moccasin
  1254 | D:2      | Slain by a water moccasin

Levels and vault maps discovered:
D:1:      dpeg_arrival_simpleton_b, layout_basic, nemelex_altar_shiori
D:2:      layout_loops_ring, uniq_natasha, uniq_terence

Skill      XL: |  1  2 |
---------------+-------+-----
Shields        | 3 |  3.0
Fighting       | |  2.9
Long Blades    | |  2.3
Armour         | |  2.6

Action                   || total
-------------------------++-------
Melee: Long sword        ||    46
       Bite              ||     9
  Use: Potion            ||     4
Armor: Scale mail        ||    17
Dodge: Dodged            ||    23
       Rpst.: Long sword ||     6

Table legend:
 A = Non-vault XP
 B = Vault XP
 C = Vault XP percentage of total XP
 D = Non-vault monster count
 E = Vault monster count
 F = Vault count percentage of total count
                 A         B        C        D         E       F
            +---------+---------+-------+---------+---------+-------
      Total |      31 |       0 |   0.0 |      18 |       0 |   0.0
            +---------+---------+-------+---------+---------+-------
        D:1 |       8 |       0 |   0.0 |       7 |       0 |   0.0
        D:2 |      23 |       0 |   0.0 |      11 |       0 |   0.0
            +---------+---------+-------+---------+---------+-------
